 Dungeon Crawl Stone Soup version 0.28.0-53-g5a82cb258f (webtiles) character file.

Game seed: 301383645544760719

2128 DocClef the Spear-Bearer (level 9, 0/74 HPs)
             Began as a Merfolk Gladiator on June 29, 2022.
             Was a Believer of Okawaru.
             Slain by an orc
             ... wielding a +1 mace of protection
              (3 damage)
             ... on level 7 of the Dungeon.
             The game lasted 00:06:05 (6873 turns).

DocClef the Spear-Bearer (Merfolk Gladiator)        Turns: 6873, Time: 00:06:05

Health: 0/74       AC: 11    Str: 19    XL:     9   Next: 29%
Magic:  9/9        EV: 12    Int:  7    God:    Okawaru [**....]
Gold:   428        SH:  8    Dex: 15    Spells: 8/8 levels left

rFire   + + .      SeeInvis .   a - +0 trident
rCold   + . .      Faith    .   t - +0 buckler
rNeg    . . .      Spirit   .   m - +0 chain mail
rPois   +          Reflect  +   c - +0 helmet
rElec   +          Harm     .   (no cloak)
rCorr   +          Rampage  .   k - +0 pair of gloves
Will    .....                   x - +0 pair of boots
Stlth   ..........              u - amulet of reflection
HPRegen 0.22/turn               f - ring of protection from fire
MPRegen 0.11/turn               r - +4 ring of evasion

@: brilliant, resistant, weak-willed, attractive, flying
A: (nimble swimmer 2), mertail
a: Renounce Religion, Heroism


You were on level 7 of the Dungeon.
You worshipped Okawaru.
Okawaru was pleased with you.
You visited 2 branches of the dungeon, and saw 8 of its levels.

You collected 428 gold pieces.

Inventory:

Hand Weapons
 a - a +0 trident (weapon)
Missiles
 d - 3 throwing nets (quivered)
Armour
 b - a +0 leather armour
 c - a +0 helmet (worn)
 k - a +0 pair of gloves (worn)
 m - a +0 chain mail (worn)
 t - a +0 buckler (worn)
 x - a +0 pair of boots (worn)
Jewellery
 f - a ring of protection from fire (left hand)
 r - a +4 ring of evasion (right hand)
 u - an amulet of reflection (around neck)
Scrolls
 j - 7 scrolls of identify {unknown}
 l - 2 scrolls of teleportation {unknown}
 n - 3 scrolls of holy word {unknown}
 o - a scroll of magic mapping {unknown}
 q - a scroll of fog {unknown}
 s - a scroll of blinking {unknown}
 y - a scroll of enchant weapon {unknown}
Potions
 i - a potion of cancellation
 p - 2 potions of resistance
 v - 6 potions of curing
 w - a potion of flight


   Skills:
 + Level 8.0 Fighting
 - Level 14.2 Polearms
 - Level 2.0 Throwing
 - Level 4.0 Dodging


You had 8 spell levels left.
You didn't know any spells.
Your spell library contained the following spells:

 Spells                   Type           Power      Damage    Failure   Level
 Apportation              Tloc           0%         N/A       100%        1
 Beastly Appendage        Tmut           0%         N/A       100%        1
 Passwall                 Tmut/Erth      0%         N/A       100%        2
 Wereblood                Tmut           0%         N/A       100%        2
 Spider Form              Tmut/Pois      0%         N/A       100%        3
 Passage of Golubria      Tloc           0%         N/A       100%        4
 Petrify                  Tmut/Erth      0%         N/A       100%        4
 Borgnjor's Vile Clutch   Necr/Erth      0%         N/A       100%        5
 Silence                  Hex/Air        0%         N/A       100%        5
 Lehudib's Crystal Spear  Conj/Erth      0%         10d2      100%        8
 Animate Skeleton         Necr           Unusable   N/A       N/A         1
 Summon Small Mammal      Summ           Unusable   N/A       N/A         1

Dungeon Overview and Level Annotations

Branches:
Dungeon (7/15)             Temple (1/1) D:5

Altars:
Ashenzari
Cheibriados
Dithmenos
Elyvilon
Fedhas
Gozag
Kikubaaqudgha
Makhleb
Nemelex Xobeh
Okawaru
Ru
Trog
Uskayaw
Vehumet
Xom
Yredelemnul
Zin
The Shining One
Lugonu

Shops:
D:3 *   D:4 !   D:5 (   D:7 *


Innate Abilities, Weirdness & Mutations

((You are very nimble when in or above water. (Stealth+, EV+, Speed+++)))
Your lower body shifts to a powerful aquatic tail in water.


Message History

It was a potion of flight.
You feel very buoyant.
You fly up into the air.
The wyvern bites you.
* * * LOW HITPOINT WARNING * * *
The orc hits you with a +0 club.
* * * LOW HITPOINT WARNING * * *
The orc misses you.
It was a potion of attraction.
You feel attractive to monsters. The wyvern bites you!
* * * LOW HITPOINT WARNING * * *
You block the orc's attack. You block the wyvern's attack.
The orc hits you but does no damage.
Unknown command.
It was a potion of heal wounds.
You feel much better. You block the wyvern's attack. The wyvern bites you!
* * * LOW HITPOINT WARNING * * *
You block the orc's attack. The orc is attracted toward you.
It was a potion of brilliance.
You feel clever all of a sudden. The wyvern barely misses you.
You block the orc's attack.
As you read the scroll labelled IGACYE DACKOM, it crumbles to dust.
It is a scroll of amnesia.
You feel forgetful for a moment. The wyvern bites you.
* * * LOW HITPOINT WARNING * * *
The wyvern barely misses you.
As you read the scroll labelled TAXZUUQ BENI, it crumbles to dust.
Magic quickly surges around you.
It was a scroll of vulnerability.
The wyvern bites you!
* * * LOW HITPOINT WARNING * * *
The orc hits you but does no damage. Something hits you but does no damage.
Unknown command.
The orc priest looks satisfied for a moment.
The wyvern bites you.
* * * LOW HITPOINT WARNING * * *
You block the orc's attack. You block something's attack.
The wyvern skeleton is attracted toward you.
The orc priest is attracted toward you.
The orc hits you with a +1 mace of protection.
You die...

.. # ## ...# # ##.
#... #.. #..# ## #..
#..#####. #..
#........ #..
##......Z #..#####
#....... #..@oo.####
##......
#.....Zo§.###.......
#...ol#.........####
########.......##
##.....## ##.....# #
#......# ..
##......## ...
##.........#


You could see a wyvern (weak-willed), an orc priest, 3 orcs and a wyvern
skeleton (weak-willed).

Vanquished Creatures
  A steam dragon (D:6)
  Edmund (D:5)
  A water moccasin (D:5)
  An orc warrior (D:4)
  2 sky beasts
  A black bear (D:4)
  An ice beast (D:6)
  2 ogres
  A phantom (D:5)
  A bullfrog (D:6)
  A kobold brigand (D:6)
  2 scorpions (D:5)
  2 vampire bats (D:3)
  A howler monkey (D:6)
  A crimson imp (D:5)
  A centaur zombie (D:5)
  A jelly (D:4)
  2 orc priests (D:3)
  2 hounds
  A centaur skeleton (D:6)
  5 iguanas
  Natasha (twice) (D:2)
  2 orc wizards (D:4)
  A killer bee zombie (D:6)
  A hound skeleton (D:5)
  8 adders
  A white imp (D:5)
  A worm (D:2)
  A dart slug (D:5)
  8 orcs
  8 bats
  4 bat skeletons (D:3)
  3 bat zombies (D:3)
  9 endoplasms
  4 giant cockroaches
  7 goblins
  11 hobgoblins
  10 jackals
  9 kobolds
  2 quokkas
  9 ball pythons
  A frilled lizard (D:2)
  6 rats
139 creatures vanquished.

Notes
Turn   | Place    | Note
-------+----------+-------------------------------------------
     0 | D:1      | DocClef the Merfolk Gladiator began the quest for the Orb.
     0 | D:1      | Reached XP level 1. HP: 16/16 MP: 1/1
   323 | D:1      | Reached skill level 5 in Polearms
   460 | D:1      | Reached XP level 2. HP: 20/22 MP: 2/2
  1300 | D:1      | Reached skill level 6 in Polearms
  1300 | D:1      | Reached XP level 3. HP: 26/27 MP: 3/3
  2078 | D:2      | Noticed Natasha
  2085 | D:2      | Killed Natasha
  2086 | D:2      | Reached skill level 7 in Polearms
  2086 | D:2      | Reached XP level 4. HP: 33/33 MP: 4/4
  2338 | D:2      | Found a radiant altar of Vehumet.
  2446 | D:2      | Noticed Natasha
  2456 | D:2      | Killed Natasha
  2457 | D:2      | Reached skill level 8 in Polearms
  2457 | D:2      | Reached XP level 5. HP: 37/38 MP: 5/5
  3000 | D:3      | Reached skill level 9 in Polearms
  3016 | D:3      | Reached XP level 6. HP: 19/44 MP: 6/6
  3333 | D:3      | Found a radiant altar of Vehumet.
  3341 | D:3      | Found Ponganen's Assorted Antiques.
  3420 | D:3      | Found an ancient bone altar of Kikubaaqudgha.
  3433 | D:3      | Reached skill level 10 in Polearms
  3637 | D:4      | Found Bip Diod's Distillery.
  3944 | D:4      | Noticed a black bear
  3957 | D:4      | Killed a black bear
  3958 | D:4      | Reached skill level 11 in Polearms
  3958 | D:4      | Reached XP level 7. HP: 40/50 MP: 7/7
  4446 | D:4      | Reached skill level 12 in Polearms
  4718 | D:5      | Entered Level 5 of the Dungeon
  4752 | D:5      | Found a hide-covered altar of Uskayaw.
  4781 | D:5      | Reached skill level 13 in Polearms
  4781 | D:5      | Reached XP level 8. HP: 35/56 MP: 8/8
  4920 | D:5      | Found Istrearitz's Weapon Shoppe.
  5085 | D:5      | Found a staircase to the Ecumenical Temple.
  5107 | Temple   | Entered the Ecumenical Temple
  5153 | Temple   | Became a worshipper of Warmaster Okawaru
  5264 | D:5      | Reached skill level 14 in Polearms
  5595 | D:5      | Found a sparkling altar of Nemelex Xobeh.
  5601 | D:5      | Noticed Edmund
  5624 | D:5      | Killed Edmund
  5624 | D:5      | Reached * piety under Okawaru
  6041 | D:6      | Reached skill level 5 in Fighting
  6224 | D:6      | Found a glowing golden altar of the Shining One.
  6231 | D:6      | Found a burning altar of Makhleb.
  6231 | D:6      | Found a shimmering altar of Xom.
  6247 | D:6      | Found a snail-covered altar of Cheibriados.
  6249 | D:6      | Found a sacrificial altar of Ru.
  6314 | D:6      | Reached XP level 9. HP: 67/69 MP: 9/9
  6373 | D:6      | Reached ** piety under Okawaru
  6514 | D:6      | Got the Collected Works on Shape Shifting and the Mountains
  6778 | D:7      | Found Qexeonn's General Store.
  6866 | D:7      | HP: 3/74 [wyvern (8)]
  6872 | D:7      | HP: 3/74 [wyvern (1)]
  6873 | D:7      | Slain by an orc

Illustrated notes

Levels and vault maps discovered:
D:1:      psy_arrival_dodecagon, layout_basic, serial_co_window_serial,
          co_window_of_opportunity_a, co_window_of_opportunity_a,
          co_window_paths_a, co_window_corner_a, co_window_paths_b,
          co_window_broadway_c, co_window_corner_b, co_window_of_opportunity_c,
          co_window_corner_b, co_window_corner_b, co_window_4corner_b,
          glass_columns_b, glass_columns_a, glass_columns_a, glass_columns_a,
          glass_columns_a
D:2:      layout_basic, basic_altar, nicolae_concentric_dashed_squares_mild,
          uniq_natasha
D:3:      layout_rooms, mainiacjoe_overflow_chevrons, kennysheep_vampire_church,
          serial_shops, shop, minivault_4, minmay_starry_boxes
D:4:      layout_basic, serial_shops, nicolae_stop_n_shop_1
D:5:      layout_basic, mainiacjoe_overflow_alcove_2,
          eat_drink_and_be_merry_uskayaw, minmay_temple_entry_grid,
          serial_shops, shop, minmay_fire_ice_demons, uniq_edmund
D:6:      wander_river, layout_loops_ring, minitemple
D:7:      layout_layer_cave, serial_shops, nicolae_shop_stone
Temple:   corrupted_temple

Skill      XL: |  1  2  3  4  5  6  7  8  9 |
---------------+----------------------------+-----
Polearms       | 5 6 7 8 9 11 13 14 | 14.2
Fighting       | 6 8 |  8.0
Throwing       | |  2.0
Dodging        | |  4.0

Action                   |  1- 3 |  4- 6 |  7- 9 || total
-------------------------+-------+-------+-------++-------
Melee: Trident           |   114 |   201 |   252 ||   567
       Punch             |     1 |     2 |       ||     3
       Tailslap          |       |     1 |       ||     1
  Use: Potion            |       |       |     8 ||     8
       Scroll            |       |       |     2 ||     2
 Stab: Sleeping          |     2 |     3 |       ||     5
Armor: Leather armour    |    35 |     4 |       ||    39
       Chain mail        |       |    82 |    43 ||   125
Dodge: Dodged            |    59 |    91 |    63 ||   213
Block: Buckler           |       |     2 |    60 ||    62
